 Dungeon Crawl Stone Soup version 0.26-a0-597-gb535b0901c (webtiles) character file.

Game seed: 15316007905441372980

(classic levelgen) 2 EnegeticOcto the Covered (level 1, -3/20 HPs)
             Began as a Deep Dwarf Fighter on Sept 8, 2020.
             Slain by a goblin
             ... wielding a +1 dagger of electrocution
              (14 damage)
             ... on level 1 of the Dungeon.
             The game lasted 00:00:03 (166 turns).

EnegeticOcto the Covered (Deep Dwarf Fighter)        Turns: 166, Time: 00:00:03

Health: -3/20      AC:  6    Str: 19    XL:     1   Next: 25%
Magic:  1/1        EV:  7    Int:  8    God:
Gold:   7          SH:  9    Dex: 12    Spells: 0/0 levels left

rFire    . . .     SeeInvis .   a - +0 war axe
rCold    . . .     Faith    .   c - +0 kite shield
rNeg     . . .     Spirit   .   b - +0 scale mail
rPois    .         Reflect  .   (no helmet)
rElec    .         Harm     .   (no cloak)
rCorr    .                      (no gloves)
MR       .....                  (no boots)
Stlth    ..........             (no amulet)
HPRegen  0.00/turn              (no ring)
MPRegen  0.07/turn              (no ring)

@: non-regenerating
A: damage resistance, heal wounds, sense surroundings 1, no regeneration
a: Heal Wounds


You were on level 1 of the Dungeon.
You visited 1 branch of the dungeon, and saw 1 of its levels.

You collected 7 gold pieces.

Inventory:

Hand Weapons
 a - a +0 war axe (weapon)
Armour
 b - a +0 scale mail (worn)
 c - a +0 kite shield (worn)
Scrolls
 e - a scroll of noise {unknown}
 f - a scroll of amnesia {unknown}
Potions
 d - a potion of might {@q3}


   Skills:
 + Level 2.7 Fighting
 * Level 2.2 Axes
 + Level 3.3 Armour
 + Level 3.3 Shields


You couldn't memorise any spells.
You didn't know any spells.
Your spell library was empty.

Dungeon Overview and Level Annotations

Branches:
Dungeon (1/15)

Altars:


Innate Abilities, Weirdness & Mutations

You are resistant to damage.
You can heal yourself by infusing magical energy.
You passively map a small area around you.
You do not regenerate.


Message History

Welcome, EnegeticOcto the Deep Dwarf Fighter.
Will you prevail where others failed? Will you find the Orb of Zot?
Press ? for a list of commands and other information.
Found a staircase leading out of the dungeon.
Found a mace.
You now have 7 gold pieces.
Found 26 stones.
You see here a mace.
Found a dagger.
No target in view!
No target in view!
No target in view!
No target in view!
No target in view!
No target in view!
No target in view!
No target in view!
e - a scroll labeled LANGUYZXEA
f - a scroll labeled KOOLEB YKOBAJA A bat comes into view.
A bat is nearby!
You barely miss the bat. The bat hits you but does no damage.
You hit the bat.
You kill the bat!
No target in view!
No target in view!
No target in view!
No target in view!
No target in view!
A bat comes into view.
You block the bat's attack.
A bat is nearby!
A bat is nearby!
You hit the bat but do no damage. The bat barely misses you. The bat hits you.
You block the bat's attack. You block the bat's attack.
You block the bat's attack. The bat barely misses you.
You barely miss the bat. The bat barely misses you. You block the bat's attack.
You barely miss the bat. You block the bat's attack.
A bat is nearby!
A bat is nearby!
A bat is nearby!
You block the bat's attack. You block the bat's attack. The bat hits you.
The bat barely misses you.
You closely miss the bat. The bat hits you but does no damage.
You block the bat's attack. The bat closely misses you.
The bat hits you but does no damage.
You hit the bat but do no damage. The bat hits you but does no damage.
You barely miss the bat. You block the bat's attack. The bat barely misses you.
You slash the bat!
You kill the bat!
No target in view!
A goblin comes into view.
It is wielding a +1 dagger of electrocution.
The goblin shouts!
Found a scroll labeled CIR UQOUSENKIB and a scroll labeled ZOUDINIWUW.
A goblin is nearby!
A goblin is nearby!
You hit the goblin.
The goblin is severely wounded.
The goblin barely misses you.
You closely miss the goblin.
The goblin is severely wounded.
The goblin hits you with a +1 dagger of electrocution.
You are electrocuted!
You block the goblin's attack.
You barely miss the goblin.
The goblin is severely wounded.
The goblin hits you but does no damage.
You are electrocuted!
Ouch! That really hurt!
You die...

.#####.###.# * *
#.# ##.##..# ,..
#.# #.#..#.# #.
#.#
.....##.#,,####.##
#.# #...## #..
#....?# #.# ##..#*
##.#....?# #.#
###.# #.......#
#.# #.# #....g#
#.## .#
#....@##########
#... #
###............#
####
#.##########.#
#####. #. #.#
......* #, #.#
######* #.# #.# *
#.# # ,* #.##


You could see a goblin.

Vanquished Creatures
  2 bats (D:1)
2 creatures vanquished.

Notes
Turn   | Place    | Note
-------+----------+-------------------------------------------
     0 | D:1      | EnegeticOcto the Deep Dwarf Fighter began the quest for the
                  | Orb.
     0 | D:1      | Reached XP level 1. HP: 20/20 MP: 1/1
   166 | D:1      | Slain by a goblin

Illustrated notes

Levels and vault maps discovered:
D:1:      lightli_iron_boxes, layout_loops_ring

Action                   || total
-------------------------++-------
Melee: War axe           ||    12
Armor: Scale mail        ||     5
Dodge: Dodged            ||     7
Block: Kite shield       ||    11

Table legend: (Time is in decaauts)
 A = Elapsed time spent in this place.
 B = Non-inter-level travel time spent in this place.
 C = Inter-level travel time spent in this place.
 D = Time resting spent in this place.
 E = Time spent auto-exploring this place.
 F = Levels seen in this place.
 G = Mean time per level.
                   A        B        C        D        E       F      G
               +--------+--------+--------+--------+--------+-----+--------+
         Total |    171 |    171 |      0 |      0 |    137 |   1 |  171.0 |
       Dungeon |    171 |    171 |      0 |      0 |    137 |   1 |  171.0 |
               +--------+--------+--------+--------+--------+-----+--------+

Top non-repeatable levels by time:
     D:1: 171 daAuts
